 Dungeon Crawl Stone Soup version 0.19-a0-1068-g99dd0f4 (webtiles) character file.

133226 junb69 the Warrior (level 16, 0/139 HPs)
             Began as a Demonspawn Gladiator on Aug 2, 2016.
             Was the Champion of Ashenzari.
             Killed from afar by a deep elf annihilator (51 damage)
             ... with an iron shot
             ... on level 2 of the Elven Halls on Aug 4, 2016.
             The game lasted 01:51:01 (36743 turns).

junb69 the Warrior (Demonspawn Gladiator)          Turns: 36743, Time: 01:51:02

Health: 0/139      AC: 36    Str: 26    XL:     16   Next: 59%
Magic:  0/20       EV: 20    Int: 10    God:    Ashenzari [******]
Gold:   1019       SH:  8    Dex: 20    Spells: 0 memorised, 15 levels left

rFire  + . .     SeeInvis +     A - +3 eveningstar (protect) (curse)
rCold  . . .     Gourm    .     q - +10 chain mail of the Slug {Dex+6} (curse)
rNeg   . . .     Faith    .     v - +2 buckler
rPois  +         Spirit   +     P - +0 mask of the Dragon {MR+ Slay+3 SInv} (curse)
rElec  .         Dismiss  .     w - +2 cloak {MR+} (curse)
rCorr  .         Reflect  .     j - +2 pair of gloves "Irurappo" {rF+ Str+4} (curse)
SustAt .         Harm     .     (boots unavailable)
MR     ++++.     Clarity  +     (no amulet)
Stlth  ..........               B - ring of protection from magic
                                a - ring of poison resistance

@: very slightly contaminated
A: talons 3, blurry vision 1, foul stench 1, magic shield, magic regeneration,
magic link, rot immunity, sturdy frame 3
a: Curse Item, Scrying, Transfer Knowledge, Renounce Religion


You were on level 2 of the Elven Halls.
You worshipped Ashenzari.
Ashenzari was exalted by your worship.
You were hungry.

You visited 4 branches of the dungeon, and saw 25 of its levels.
You also visited: Labyrinth.

You collected 2300 gold pieces.
You spent 1281 gold pieces at shops.

Inventory:

Hand Weapons
 A - a cursed +3 eveningstar of protection (weapon)
Armour
 j - the cursed +2 pair of gloves "Irurappo" (worn) {rF+ Str+4}
   (You acquired it on level 1 of the Lair of Beasts)

   It affects your strength (+4).
   It protects you from fire.
   It has a curse placed upon it.
 q - the cursed +10 chain mail of the Slug (worn) {Dex+6}
   (You found it on level 12 of the Dungeon)

   It affects your dexterity (+6).
   It has a curse placed upon it.
 v - a +2 buckler (worn)
 w - a cursed +2 cloak of magic resistance (worn)
 y - a +0 shield
 P - the cursed +0 mask of the Dragon (worn) {MR+ Slay+3 SInv}
   (You found it in a labyrinth)

   It affects your accuracy and damage with ranged weapons and melee attacks
   (+3).
   It affects your resistance to hostile enchantments.
   It lets you see invisible.
   It has a curse placed upon it.
Jewellery
 a - a ring of poison resistance (left hand)
 B - a ring of protection from magic (right hand)
Wands
 e - a wand of hasting (0/9)
 n - a wand of digging (4/24)
 E - a wand of digging (9/24)
Scrolls
 d - a scroll of amnesia
 g - a scroll of identify
 i - 2 scrolls of remove curse
 m - a scroll of enchant weapon
 r - 5 scrolls of enchant armour
 s - 2 scrolls of fog
 u - 2 scrolls of recharging
 x - 9 scrolls of teleportation
 C - 3 scrolls of blinking
 S - 4 scrolls of magic mapping
Potions
 b - a potion of brilliance
 c - a potion of heal wounds
 k - a potion of resistance
 l - 2 potions of cancellation
 o - a potion of curing
 H - 5 potions of lignification
 K - a potion of berserk rage
 L - a potion of might
 N - 2 potions of agility
 Q - a potion of flight
Comestibles
 f - 11 bread rations
 h - 4 chunks of flesh
 p - 10 meat rations
 t - 10 slices of pizza
 F - 12 royal jellies


   Skills:
 * Level 16.7 Fighting
 - Level 12.4(16.5) Maces & Flails
 - Level 1.7 Throwing
 - Level 11.8(17.3) Armour
 * Level 13.9 Dodging
 - Level 5.9 Shields
 - Level 5.9 Evocations


You had 15 spell levels left.
You didn't know any spells.

Dungeon Overview and Level Annotations

Branches:
Dungeon (15/15)            Temple (0/1) D:5            Lair (6/6) D:11
  Swamp (0/4) Lair:3       Spider (0/4) Lair:3        Slime (0/5) Lair:5
    Orc (2/2) D:9             Elf (2/3) Orc:2        Vaults (0/5) D:13
 Depths (0/5) D:15

Altars:
Ashenzari
Dithmenos
Elyvilon
Makhleb
Okawaru
Qazlal
Ru
Trog
Uskayaw
Vehumet
Xom
Zin
Jiyva

Shops:
D:8 }   D:9 *   D:10 }   D:14 :   Orc:2 *(:[   Elf:1 =

Annotations:
Orc:1 Josephine; p0werm0de's ghost, journeyman DrCK


Innate Abilities, Weirdness & Mutations

You have claws for feet.
You may emit foul miasma when damaged in melee.
When hurt, damage is shared between your health and your magic reserves.
You regenerate magic rapidly.
When low on magic, you restore magic in place of health.
You are immune to rotting.
Your movements are significantly less encumbered by armour. (ER -6)
Scrolls take you a little longer to read.


Message History

You puncture the deep elf annihilator! You claw the deep elf annihilator.
The deep elf annihilator is lightly wounded.
You hit the deep elf annihilator. You claw the deep elf annihilator.
The deep elf annihilator is moderately wounded.
You closely miss the deep elf annihilator.
You claw the deep elf annihilator.
The deep elf annihilator is moderately wounded.
You block the deep elf mage's attack.
The deep elf archer shoots an arrow.
The arrow completely misses you.
The deep elf annihilator mumbles some strange words.
The deep elf annihilator blinks!
There is an open door, spattered with blood here.
Items here: ( )))) [ † The deep elf annihilator points at you and mumbles some strange words.
The iron shot hits you!
You see here a warg corpse.
You feel yourself slow down.
The deep elf annihilator casts a spell at you.
The iron shot hits you!
You die...

,, *. *,, ,#..#
, , ,, , , ,
*..######..# *
, , , , *
,,,*........e.#
, , ,,, , ,, ,
, ..........# ,
,,, , *, ,,
.......)e.#
,*,, , ,, , *,,
..######..# ,,
, , ,, ,,
,,*,,#....)..#
,* , ,, , ,, *
#...e#..#, ,,
,, , , ,, , ,,
, #...@#..#,,
,,, ,,, ,,,*, ,
,#..e(#..# , ,,
, , , , ,,,,
*,,#....#..# ,
,,,, , *,, ,
,,#....#... ,,
,,, *,,,,,*,
#....#....,,, ,
, ,, ,, *,
#....#..## ,,,
,, ,, ,,#....#
,*, * , ,,,, ,
, , *, #....#,
,{*,,, , ,,, ,
,,,, , #..<.#
,{ * , ,,, ,


You could see a deep elf annihilator, a deep elf archer and a deep elf mage.

Vanquished Creatures
  Asterion (Elf:2)
  Gastronok (Orc:1)
  Agnes (D:15)
  A fire giant (D:12)
  An orc warlord (Orc:1)
  3 frost giants (D:12)
  Louise (Elf:1)
  2 stone giants
  A deep elf demonologist (Elf:1)
  3 ettins
  A minotaur (Lab)
  A yaktaur captain (D:15)
  Snorg (Orc:1)
  A deep elf death mage (Elf:1)
  8 vault guards (D:13)
  6 hydras
  Erica (D:11)
  7 centaur warriors
  5 dancing weapons (Elf:1)
  2 tengu warriors (D:15)
  A queen ant (D:11)
  5 ogre magi
  Urug (D:10)
  7 death yaks (Lair:6)
  Sonja (D:13)
  7 deep elf knights
  A fire crab (Lair:6)
  Nergalle (Orc:2)
  5 unseen horrors
  4 hill giants
  5 lindwurms
  3 deep elf archers (Elf:1)
  A phantasmal warrior (D:12)
  Pikel (D:5)
  12 deep elf magi
  23 ugly things
  3 manticores
  An orc sorcerer (Elf:2)
  2 griffons
  A cyclops (D:15)
  6 elephants
  Maurice (D:9)
  4 black mambas
  2 torpor snails (Lair:6)
  7 spiny frogs
  3 rime drakes
  A gargoyle (D:15)
  6 komodo dragons
  A queen bee (Lair:2)
  8 trolls
  Grinder (D:3)
  3 boulder beetles
  17 two-headed ogres
  2 slime creatures (D:12)
  Prince Ribbit (D:5)
  9 blink frogs
  3 air elementals (Elf:1)
  Sigmund (D:6)
  6 wyverns
  60 yaks
  A human (D:7)
  3 basilisks
  A tarantella (shapeshifter) (D:12)
  A vampire (D:12)
  3 water elementals (Elf:1)
  7 hippogriffs
  A steam dragon (D:11)
  2 fire elementals (Elf:1)
  4 hungry ghosts (Lab)
  A swamp worm (Lair:6)
  Edmund (D:6)
  4 mottled dragons
  11 soldier ants
  5 wargs
  6 porcupines
  A porcupine (shapeshifter) (D:12)
  7 water moccasins
  4 black bears
  3 ice beasts
  24 orc warriors
  5 sky beasts
  4 slaves
  3 eyes of draining
  A wolf (Lair:6)
  A wasp (D:12)
  30 ogres
  4 boggarts (D:15)
  15 centaurs
  16 crocodiles
  3 big kobolds
  17 giant frogs
  4 earth elementals (Elf:1)
  A wyvern zombie (D:9)
  A scorpion (D:11)
  A wyvern skeleton (D:12)
  A water moccasin skeleton (D:8)
  9 wights
  46 killer bees
  9 howler monkeys
  2 electric eels (Lair:2)
  3 giant frog zombies
  5 hounds
  2 quasits
  2 giant frog skeletons
  26 orc priests
  6 jellies
  2 centaur skeletons
  27 orc wizards
  13 iguanas
  Natasha (thrice) (D:3)
  A hell rat (D:11)
  24 worker ants
  11 sheep
  Robin (D:3)
  A hound skeleton (D:10)
  A howler monkey zombie (D:13)
  3 gnolls (D:6)
  11 adders
  46 river rats
  2 oozes
  3 adder skeletons
  5 worms
  3 dart slugs
  4 giant geckos
  102 orcs
  4 giant cockroaches
  19 goblins
  7 hobgoblins
  4 jackals
  8 quokkas
  2 ball pythons
  14 bats
  A giant gecko zombie (D:8)
  5 giant newts
  26 kobolds
  A quokka skeleton (D:9)
  A quokka zombie (D:7)
  11 rats
  A fungus (Lair:6)
  A plant (D:5)
950 creatures vanquished.

Vanquished Creatures (collateral kills)
  An orc (D:11)
1 creature vanquished.

Vanquished Creatures (others)
  An orc (Orc:2)
  6 fungi
  4 plants
11 creatures vanquished.

Grand Total: 962 creatures vanquished

Notes
Turn   | Place    | Note
-------+----------+-------------------------------------------
     0 | D:1      | junb69 the Demonspawn Gladiator began the quest for the Orb.
     0 | D:1      | Reached XP level 1. HP: 16/16 MP: 1/1
   186 | D:1      | Gained mutation: You have sharp toenails. [demonic ancestry]
   186 | D:1      | Reached XP level 2. HP: 19/22 MP: 2/2
   843 | D:2      | Gained mutation: When hurt, damage is shared between your health and your magic reserves. [demonic ancestry]
   843 | D:2      | Reached XP level 3. HP: 23/27 MP: 3/3
  1256 | D:2      | Reached XP level 4. HP: 21/33 MP: 4/4
  1858 | D:3      | Found a sacrificial altar of Ru.
  1910 | D:3      | Noticed Grinder
  1910 | D:3      | Paralysed by Grinder for 5 turns
  2045 | D:3      | Noticed Robin
  2575 | D:3      | Killed Robin
  2575 | D:3      | Reached skill level 5 in Maces & Flails
  2757 | D:3      | Found a shattered altar of Ashenzari.
  2760 | D:3      | Became a worshipper of Ashenzari the Shackled
  2864 | D:3      | Noticed Natasha
  2895 | D:3      | Killed Natasha
  2895 | D:3      | Reached XP level 5. HP: 19/38 MP: 3/5
  3469 | D:3      | Noticed Natasha
  3485 | D:3      | Killed Natasha
  3916 | D:4      | Reached XP level 6. HP: 18/44 MP: 2/6
  4311 | D:4      | Found a stormy altar of Qazlal.
  4318 | D:4      | Found a white marble altar of Elyvilon.
  5002 | D:4      | Noticed a hand axe
  5002 | D:4      | Noticed a hand axe
  5128 | D:4      | Found a hide-covered altar of Uskayaw.
  5235 | D:5      | Entered Level 5 of the Dungeon
  5281 | D:5      | Noticed Prince Ribbit
  5296 | D:5      | Found a staircase to the Ecumenical Temple.
  5481 | D:5      | Noticed a slave
  5481 | D:5      | Noticed a slave
  5878 | D:5      | Killed Prince Ribbit
  5878 | D:5      | Gained mutation: You have razor-sharp toenails. [demonic ancestry]
  5878 | D:5      | Reached XP level 7. HP: 41/50 MP: 5/7
  6040 | D:5      | Noticed Pikel
  6678 | D:5      | Killed Pikel
  6678 | D:5      | Gained mutation: You regenerate magic rapidly. [demonic ancestry]
  6678 | D:5      | Reached XP level 8. HP: 44/56 MP: 8/8
  6887 | D:5      | Found a shadowy altar of Dithmenos.
  7158 | D:3      | Noticed Natasha
  7164 | D:3      | Killed Natasha
  7189 | D:3      | Killed Grinder
  7399 | D:5      | Reached skill level 10 in Maces & Flails
  7423 | D:6      | Gained mutation: Your movements are slightly less encumbered by armour. (ER -2) [potion of mutation]
  7423 | D:6      | Gained mutation: Scrolls take you a little longer to read. [potion of mutation]
  7423 | D:6      | Gained mutation: You occasionally shout uncontrollably at your foes. [potion of mutation]
  7459 | D:6      | Noticed Sigmund
  7461 | D:6      | Killed Sigmund
  7770 | D:6      | Reached skill level 3 in Fighting
  7775 | D:6      | Noticed Edmund
  7803 | D:6      | Killed Edmund
  7803 | D:6      | Reached skill level 1 in Armour
  7876 | D:6      | Reached * piety under Ashenzari
  8079 | D:6      | Gained mutation: Your movements are less encumbered by armour. (ER -4) [demonic ancestry]
  8079 | D:6      | Reached XP level 9. HP: 65/65 MP: 9/9
  8086 | D:6      | Found an iron altar of Okawaru.
  8193 | D:7      | Reached skill level 4 in Fighting
  8680 | D:7      | Reached skill level 9 in Fighting
  8680 | D:7      | Reached XP level 10. HP: 83/83 MP: 10/10
 10018 | D:8      | Found Moxtur's Gadget Boutique.
 10123 | D:9      | Found a staircase to the Orcish Mines.
 10149 | D:9      | Found a bloodstained altar of Trog.
 10351 | D:9      | Found a burning altar of Makhleb.
 10353 | D:9      | Found a glowing silver altar of Zin.
 10353 | D:9      | Noticed an angel
 10354 | D:9      | Noticed a blizzard demon
 10381 | D:9      | Found Duost's Profane Products.
 10381 | D:9      | Found a burning altar of Makhleb.
 10510 | D:9      | Gained mutation: You are immune to rotting. [demonic ancestry]
 10510 | D:9      | Reached XP level 11. HP: 76/89 MP: 9/11
 10653 | D:8      | Reached skill level 5 in Dodging
 11046 | D:9      | Reached ** piety under Ashenzari
 11068 | D:10     | Entered Level 10 of the Dungeon
 11082 | D:10     | Got the flail "Zotyz" {freeze, rC+ Str+2}
 11083 | D:10     | Identified the +4 flail "Zotyz" {freeze, rC+ Str+2} (You found it on level 10 of the Dungeon)
 11118 | D:10     | Noticed a hill giant
 11156 | D:10     | Noticed Maurice
 11516 | D:10     | Found Duup's Gadget Emporium.
 11563 | D:10     | Reached skill level 10 in Fighting
 11775 | D:9      | Killed Maurice
 12619 | D:11     | Found a staircase to the Lair.
 12664 | D:11     | Noticed Urug
 12704 | D:10     | Bought a phantom mirror for 360 gold pieces
 12889 | D:10     | Killed Urug
 13628 | D:11     | Noticed a brown ugly thing
 13639 | D:11     | Killed a brown ugly thing
 13916 | D:11     | Noticed a hill giant
 13931 | D:11     | Killed a hill giant
 14308 | D:11     | Noticed a queen ant
 14320 | D:11     | Killed a queen ant
 14320 | D:11     | Reached skill level 11 in Fighting
 14320 | D:11     | Gained mutation: When low on magic, you restore magic in place of health. [demonic ancestry]
 14320 | D:11     | Reached XP level 12. HP: 84/100 MP: 10/12
 14339 | D:11     | Noticed Erica
 14369 | D:11     | Killed Erica
 15678 | Lair:1   | Entered Level 1 of the Lair of Beasts
 16729 | Lair:1   | Identified a scroll of acquirement
 16729 | Lair:1   | Got the cursed pair of gloves "Irurappo" {rF+ Str+4}
 16735 | Lair:1   | Identified the cursed +2 pair of gloves "Irurappo" {rF+ Str+4} (You acquired it on level 1 of the Lair of Beasts)
 16931 | Lair:2   | Found a radiant altar of Vehumet.
 17080 | Lair:2   | Reached skill level 12 in Fighting
 17858 | Lair:2   | Noticed an eight-headed hydra
 17877 | Lair:2   | Killed an eight-headed hydra
 18411 | Lair:3   | Reached *** piety under Ashenzari
 18452 | Lair:3   | Found a hole to the Spider Nest.
 18776 | Lair:3   | Found a staircase to the Swamp.
 18824 | Lair:3   | Reached skill level 10 in Armour
 19441 | Lair:4   | Gained mutation: Your movements are significantly less encumbered by armour. (ER -6) [demonic ancestry]
 19441 | Lair:4   | Reached XP level 13. HP: 109/109 MP: 13/13
 20088 | Lair:5   | Found a viscous altar of Jiyva.
 20088 | Lair:5   | Found a staircase to the Slime Pits.
 20398 | Lair:5   | Reached **** piety under Ashenzari
 20866 | Orc:1    | Entered Level 1 of the Orcish Mines
 20866 | Orc:1    | Noticed Gastronok
 21041 | Orc:1    | Killed Gastronok
 21099 | Orc:2    | Entered Level 2 of the Orcish Mines
 21158 | Orc:2    | Found a staircase to the Elven Halls.
 21229 | Orc:2    | Noticed an ettin
 21239 | Orc:1    | Noticed Josephine
 21869 | Orc:1    | Killed an ettin
 22461 | Orc:2    | Noticed an orc warlord
 22659 | Orc:1    | Killed an orc warlord
 22837 | Orc:2    | Reached skill level 5 in Evocations
 22989 | Orc:2    | Reached skill level 10 in Dodging
 23171 | Orc:2    | Noticed a stone giant
 23201 | Orc:2    | Killed a stone giant
 23958 | Orc:2    | Found Ohiehoex's Book Boutique.
 23958 | Orc:2    | Found Loc Simp's Antique Armour Emporium.
 23961 | Orc:2    | Found Nehelaf's Assorted Antiques.
 23961 | Orc:2    | Found Xysmah's Weapon Boutique.
 23979 | Orc:2    | Bought a blackened cloak for 361 gold pieces
 23979 | Orc:2    | Identified the cursed -2 cloak of Music {Regen+} (You bought it in a shop on level 2 of the Orcish Mines)
 23984 | Orc:2    | Bought a scroll of identify for 56 gold pieces
 23984 | Orc:2    | Bought a scroll of identify for 56 gold pieces
 23984 | Orc:2    | Bought a scroll of identify for 56 gold pieces
 23984 | Orc:2    | Bought a scroll of identify for 56 gold pieces
 23984 | Orc:2    | Bought a scroll of enchant weapon for 210 gold pieces
 23984 | Orc:2    | Bought a glowing buckler for 126 gold pieces
 23994 | Orc:2    | Gained mutation: Your muscles are strong. (Str +2) [potion of beneficial mutation]
 24119 | Orc:1    | Noticed Nergalle
 24145 | Orc:2    | Killed Nergalle
 24145 | Orc:2    | Reached XP level 14. HP: 84/116 MP: 16/18
 24257 | Orc:1    | Noticed Snorg
 24272 | Orc:1    | Killed Snorg
 24344 | Orc:1    | Noticed p0werm0de's ghost (journeyman DrCK)
 24517 | D:9      | Upgraded the game from 0.19-a0-1057-g15bb84d to 0.19-a0-1068-g99dd0f4
 24963 | D:12     | Reached skill level 13 in Fighting
 25127 | D:12     | Reached skill level 1 in Shields
 26149 | D:12     | Noticed a frost giant
 26149 | D:12     | Noticed a frost giant
 26150 | D:12     | Noticed a stone giant
 26320 | D:12     | Killed a frost giant
 26565 | D:12     | Noticed a frost giant
 26579 | D:12     | Killed a frost giant
 27459 | D:12     | Killed a stone giant
 27522 | D:12     | Noticed a fire giant
 27530 | D:12     | Killed a fire giant
 27631 | D:12     | Killed a frost giant
 27631 | D:12     | Reached skill level 5 in Shields
 27823 | D:12     | Got the uncursed chain mail of the Slug {Dex+6}
 28090 | D:13     | Found a labyrinth entrance.
 28129 | Lab      | Entered a labyrinth
 29155 | Lab      | Identified the Handbook of Summoning and Moulding
 29156 | Lab      | Identified the +8 flail of the Ass {freeze, +Blink Dex+6} (You found it in a labyrinth)
 29264 | Lab      | Got the uncursed scale mail of Blue Skies {rElec Dex+3}
 29485 | D:12     | Identified the +10 chain mail of the Slug {Dex+6} (You found it on level 12 of the Dungeon)
 29495 | D:12     | Identified the +4 scale mail of Blue Skies {rElec Dex+3} (You took it off a minotaur in a labyrinth)
 29700 | D:13     | Reached ***** piety under Ashenzari
 29833 | D:13     | Found a gate to the Vaults.
 29910 | D:13     | Reached skill level 14 in Fighting
 30078 | D:13     | Found a shattered altar of Ashenzari.
 30115 | D:13     | Gained mutation: You have claws for feet. [demonic ancestry]
 30115 | D:13     | Reached XP level 15. HP: 97/126 MP: 17/19
 30219 | D:13     | Noticed Sonja
 30364 | D:13     | Killed Sonja
 30715 | D:14     | Found Lucs's Book Shoppe.
 30831 | D:14     | Found a shimmering altar of Xom.
 30834 | D:14     | Found a shimmering altar of Xom.
 30834 | D:14     | Found a shimmering altar of Xom.
 30847 | D:14     | Found a shimmering altar of Xom.
 30847 | D:14     | Found a shimmering altar of Xom.
 31178 | D:14     | Found a shimmering altar of Xom.
 31303 | D:15     | Entered Level 15 of the Dungeon
 31341 | D:15     | Noticed Agnes
 31355 | D:15     | Killed Agnes
 31706 | D:15     | Found a staircase to the Depths.
 32131 | D:15     | Reached skill level 15 in Fighting
 32163 | D:15     | Identified the +8 broad axe of Grandeur {venom, *Corrode Int+3 SInv} (You took it off a boggart on level 15 of the Dungeon)
 33049 | Lair:6   | Entered Level 6 of the Lair of Beasts
 33732 | Lair:6   | Reached ****** piety under Ashenzari
 33837 | Lair:6   | Gained mutation: You may emit foul miasma when damaged in melee. [demonic ancestry]
 33837 | Lair:6   | Reached XP level 16. HP: 71/136 MP: 16/20
 35159 | Lair:1   | Lost mutation: You occasionally shout uncontrollably at your foes. [potion of cure mutation]
 35159 | Lair:1   | Lost mutation: Your muscles are strong. (Str +2) [potion of cure mutation]
 35167 | Lair:1   | Identified a -1 rod of inaccuracy (10/10) (You found it on level 13 of the Dungeon)
 35309 | Elf:1    | Entered Level 1 of the Elven Halls
 35313 | Elf:1    | Reached skill level 16 in Fighting
 35878 | Elf:1    | Noticed Louise
 35926 | Elf:1    | Killed Louise
 36174 | Elf:1    | Found Uhoot's Jewellery Boutique.
 36672 | Elf:2    | Noticed Asterion
 36694 | Elf:2    | Killed Asterion
 36743 | Elf:2    | Killed from afar by a deep elf annihilator

Vault maps used:
D:1:      lightli_arrival_farm
D:3:      nicolae_ru_awakened_eye, lemuel_doored_altar, roderic_serpentine_path,
          uniq_robin, uniq_natasha, uniq_grinder
D:4:      dancing_weapons_uskayaw, grunt_temple_overflow_open,
          grunt_ministairs_3, hangedman_decor_growths
D:5:      grunt_dithmenos_smoke_and_mirrors, first_bread, serial_bayou_lagoon_a,
          hangedman_abyss_or_decor_passed, uniq_pikel, uniq_prince_ribbit1
D:6:      okawaru_altar_gauntlet_db, minmay_misc_feat_doors, uniq_sigmund,
          uniq_edmund
D:7:      serial_glass, glass_columns_a, glass_columns_a, glass_columns_a,
          glass_columns_a, glass_columns_a, glass_columns_a, grunt_livestock
D:8:      serial_shops, shop
D:9:      grunt_temple_overflow_order_and_chaos_2, trog_ov_bears_minmay,
          nicolae_evil_shop
D:10:     serial_shops, kennysheep_mini_moat, uniq_maurice
D:11:     dpeg_lair_monsters, minmay_another_anthill, uniq_urug, uniq_erica
D:12:     grunt_ministairs_1, minmay_the_grid_2x2
D:13:     erik_vaults_2, lab_entry_generic, ashenzari_altar_1, uniq_sonja
D:14:     xom_redecorated, serial_shops, shop
D:15:     grunt_enter_depths_snipers, uniq_agnes
Lair:1:   grunt_megastairs_2
Lair:2:   special_room, basic_altar, serial_bayou_lake_a
Lair:3:   swamp_mist_pool, dummy_spider_entry, minmay_lindwurm_lava
Lair:4:   bh_autumn_forest_stairs, lemuel_fruit_fields
Lair:5:   slime_altar_1
Lair:6:   hangedman_lair_in_review, patterned_corridor
Orc:1:    uniq_nergalle, uniq_snorg, uniq_gastronok, uniq_josephine
Orc:2:    st_orc_ogre_mass
Elf:1:    serial_shops, nicolae_shop_window_shopping, minivault_28, hex_large,
          minivault_24, uniq_louise
Elf:2:    serial_shops, shop, uniq_roxanne, uniq_jorgrun, uniq_asterion
Lab:      labyrinth_spiral, nicolae_lab_diamond

Skill      XL: |  1  2  3  4  5  6  7  8  9 10 11 12 13 14 15 16 |
---------------+-------------------------------------------------+-----
Maces & Flails | 3 4 5 6 7 9 10 12 | 12.4
Fighting       | 3 9 11 12 14 15 16 | 16.7
Armour         | 1 8 9 10 11 | 11.8
Dodging        | 4 7 8 10 12 13 | 13.9
Evocations     | 5 |  5.9
Shields        | 5 |  5.9
Throwing       | |  1.7

Action                   |  1- 3 |  4- 6 |  7- 9 | 10-12 | 13-15 | 16-18 || total
-------------------------+-------+-------+-------+-------+-------+-------++-------
Melee: Flail             |   116 |   330 |   292 |   607 |       |       ||  1345
       Kick              |    21 |    38 |       |       |   285 |   195 ||   539
       Eveningstar       |       |       |       |   741 |  1618 |   424 ||  2783
 Fire: Blowgun           |       |       |       |     4 |       |       ||     4
Throw: Throwing net      |       |     4 |       |     3 |       |       ||     7
Invok: Curse Item        |       |       |     2 |     1 |     2 |       ||     5
Evoke: Wand              |       |     3 |    11 |     3 |    13 |     2 ||    32
       Phantom mirror    |       |       |       |     1 |       |       ||     1
  Use: Scroll            |       |     5 |    14 |    15 |    13 |     2 ||    49
       Potion            |       |       |     2 |     2 |     8 |     2 ||    14
 Stab: Sleeping          |       |     1 |       |       |       |       ||     1
  Eat: Chunk             |     1 |    15 |     6 |    24 |    32 |     5 ||    83
       Fruit             |       |       |     4 |       |     9 |       ||    13
       Pizza             |       |       |       |     1 |       |       ||     1
       Beef jerky        |       |       |       |     1 |     2 |       ||     3
       Meat ration       |       |       |       |     1 |     2 |       ||     3
       Bread ration      |       |       |       |     1 |     1 |       ||     2
       Royal jelly       |       |       |       |       |       |     1 ||     1
Armor: Leather armour    |    70 |    49 |       |       |       |       ||   119
       Ring mail         |       |    73 |    30 |       |       |       ||   103
       Chain mail        |       |       |    40 |   895 |   697 |   129 ||  1761
       Scale mail        |       |       |    11 |       |       |       ||    11
Dodge: Dodged            |   139 |   243 |   115 |   942 |  1102 |   231 ||  2772
Block: Buckler           |       |       |       |       |   302 |   143 ||   445
